 Dungeon Crawl Stone Soup version 0.27-a0-1140-g099f9bb0e8 (webtiles) character file.

Game seed: 5177320890657147925

391 Zeld the Chucker (level 6, 0/42 HPs)
             Began as an Octopode Fighter on May 9, 2021.
             Slain by an endoplasm (1 damage)
             ... on level 3 of the Dungeon.
             The game lasted 00:05:31 (5592 turns).

Zeld the Chucker (Octopode Fighter)                 Turns: 5592, Time: 00:05:32

Health: 0/42       AC:  1    Str: 18    XL:     6   Next: 80%
Magic:  6/6        EV: 13    Int: 10    God:
Gold:   122        SH:  5    Dex: 11    Spells: 5/5 levels left

rFire    . . .     SeeInvis .   a - +0 war axe
rCold    . . .     Faith    .   (no shield)
rNeg     . . .     Spirit   .   (helmet restricted)
rPois    .         Reflect  +   l - amulet of reflection
rElec    .         Harm     .   (no ring)
rCorr    .         Rampage  .   (no ring)
Will     .....                  (no ring)
Stlth    ++........             (no ring)
HPRegen  0.14/turn              (no ring)
MPRegen  0.10/turn              (no ring)
                                (no ring)
                                (no ring)

@: no status effects
A: almost no armour, amphibious, 8 rings, camouflage 1, gelatinous body 1,
(nimble swimmer 1), tentacles
a: no special abilities


You were on level 3 of the Dungeon.
You visited 1 branch of the dungeon, and saw 4 of its levels.

You collected 122 gold pieces.

Inventory:

Hand Weapons
 a - a +0 war axe (weapon)
Missiles
 b - 28 poisoned darts (quivered)
Jewellery
 l - an amulet of reflection (around mantle)
Wands
 n - a wand of flame (14)
Scrolls
 d - a scroll of identify {unknown}
 e - a scroll of magic mapping {unknown}
 g - a scroll of amnesia {unknown}
 i - 2 scrolls of fog {unknown}
 k - 2 scrolls of noise {unknown}
 m - a scroll of enchant armour {unknown}
Potions
 c - a potion of might
 f - 3 potions of degeneration {unknown}
 h - a potion of haste {unknown}
 j - 2 potions of curing {unknown}


   Skills:
 * Level 3.6 Fighting
 * Level 2.7 Axes
 - Level 6.0 Throwing
 - Level 3.0 Dodging
 - Level 3.0 Shields


You had 5 spell levels left.
You didn't know any spells.
Your spell library was empty.

Dungeon Overview and Level Annotations

Branches:
Dungeon (4/15)
 Temple: D:4-7

Altars:
Kikubaaqudgha


Innate Abilities, Weirdness & Mutations

You cannot wear most types of armour.
You are amphibious.
You can wear up to eight rings at the same time.
Your skin changes colour to match your surroundings (Stealth+).
Your rubbery body absorbs attacks. (AC +1, EV +1)
((You are camouflaged near water. (Stealth+)))
You have tentacles for arms and can constrict up to eight enemies at once.


Message History

The ufetubus barely misses you.
An iguana comes into view.
You block the ufetubus's attack. The ufetubus hits you.
* * * LOW HITPOINT WARNING * * *
An adder skeleton comes into view.
You barely miss the ufetubus. Your grab misses the ufetubus.
Your squeeze misses the ufetubus.
The ufetubus is moderately wounded.
The ufetubus hits you.
* * * LOW HITPOINT WARNING * * *
The ufetubus hits you.
* * * LOW HITPOINT WARNING * * *
An endoplasm comes into view.
The ufetubus barely misses you.
The ufetubus hits you but does no damage.
You hit the ufetubus.
You kill the ufetubus!
The endoplasm jiggles.
Unknown command.
The endoplasm hits you but does no damage.
Things that are here:
a +0 giant club; a +0 whip; an ogre corpse
There is a stone staircase leading up here.
The endoplasm misses you.
You climb upwards.
There is a stone staircase leading down here.
The endoplasm hits you.
* * * LOW HITPOINT WARNING * * *
Unknown command.
Press: ? - help, v - describe, . - travel
Here: an endoplasm The floor.
Unknown command.
Aiming: Throw Flame
Press: ? - help, Shift-Dir - straight line, f - endoplasm
Aim: an endoplasm (97% to hit)
The puff of flame hits the endoplasm.
The endoplasm is almost dead.
The endoplasm hits you.
You die...

##############
#...##.......#
#.#....##.##.#
#.####.##.##.# ##.#
#.#.###.#
####.#####.###.###
...##.# #.##...J>#
#####.###.####.#@#
##.#.### #.#.#
#...#.# #.#.#
##'##.# #.#.#
#...#.###.#.#
#...#.....#.# #
#.≈§#.......# ###
#.≈§#.##############
+|#
#.≈.##...#.........#


You could see an endoplasm.

Vanquished Creatures
  An ogre (D:4)
  A scorpion (D:2)
  Natasha (thrice) (D:2)
  An orc wizard (D:3)
  4 gnolls (D:2)
  2 adders
  An ufetubus (D:4)
  A dart slug (D:3)
  6 orcs (D:3)
  7 endoplasms
  2 giant cockroaches
  5 goblins
  7 hobgoblins
  9 jackals
  9 kobolds
  2 quokkas (D:1)
  4 ball pythons
  3 bats (D:1)
  5 frilled lizards (D:1)
  8 rats
81 creatures vanquished.

Notes
Turn   | Place    | Note
-------+----------+-------------------------------------------
     0 | D:1      | Zeld the Octopode Fighter began the quest for the Orb.
     0 | D:1      | Reached XP level 1. HP: 16/16 MP: 1/1
    45 | D:1      | Reached skill level 1 in Throwing
   194 | D:1      | Reached XP level 2. HP: 14/21 MP: 2/2
   323 | D:1      | Reached skill level 2 in Throwing
   718 | D:1      | Reached XP level 3. HP: 26/26 MP: 3/3
  1056 | D:1      | Reached skill level 3 in Throwing
  1306 | D:2      | Noticed Natasha
  1309 | D:2      | Killed Natasha
  1310 | D:2      | Reached XP level 4. HP: 29/31 MP: 4/4
  1418 | D:2      | Noticed Natasha
  1428 | D:2      | Killed Natasha
  1429 | D:2      | Reached skill level 4 in Throwing
  1631 | D:2      | Noticed Natasha
  1639 | D:2      | Killed Natasha
  1640 | D:2      | Reached XP level 5. HP: 11/36 MP: 5/5
  2062 | D:2      | Reached skill level 5 in Throwing
  2383 | D:2      | Found an ancient bone altar of Kikubaaqudgha.
  3760 | D:2      | Reached XP level 6. HP: 40/42 MP: 6/6
  4211 | D:3      | Reached skill level 6 in Throwing
  4718 | D:3      | Found a faded altar of an unknown god.
  5582 | D:4      | HP: 2/42 [ufetubus (2)]
  5591 | D:3      | HP: 1/42 [endoplasm (3)]
  5592 | D:3      | Slain by an endoplasm

Illustrated notes

Levels and vault maps discovered:
D:1:      minmay_arrival_radiant_lines, layout_rooms, minmay_pentomino_q2
D:2:      layout_loops_ring, basic_altar, grunt_decor_one_mirror, uniq_natasha
D:3:      layout_basic, hellmonk_ecumenical_altar_inner_sanctum,
          interstate_on_off, grunt_decor_clamped, nrook_mini_backslash
D:4:      layout_basic

Skill      XL: |  1  2  3  4  5  6 |
---------------+-------------------+-----
Throwing       | 1 2 3 4 5 6 |  6.0
Fighting       | |  3.6
Axes           | |  2.7
Dodging        | |  3.0
Shields        | |  3.0

Action                   |  1- 3 |  4- 6 || total
-------------------------+-------+-------++-------
Melee: War axe           |    65 |    95 ||   160
       Tentacles         |    10 |    16 ||    26
       Constrict         |    10 |    26 ||    36
Throw: Dart              |       |    14 ||    14
Evoke: Wand              |       |     1 ||     1
 Stab: Sleeping          |     2 |     4 ||     6
Armor: Skin              |     4 |    11 ||    15
Dodge: Dodged            |    46 |    75 ||   121
Block: Other             |       |    14 ||    14

Table legend: (Time is in decaauts)
 A = Elapsed time spent in this place.
 B = Non-inter-level travel time spent in this place.
 C = Inter-level travel time spent in this place.
 D = Time resting spent in this place.
 E = Time spent auto-exploring this place.
 F = Levels seen in this place.
 G = Mean time per level.
                   A        B        C        D        E       F      G
               +--------+--------+--------+--------+--------+-----+--------+
         Total |   5664 |   5604 |     60 |   1838 |   3160 |   4 | 1416.0 |
       Dungeon |   5664 |   5604 |     60 |   1838 |   3160 |   4 | 1416.0 |
               +--------+--------+--------+--------+--------+-----+--------+

Top non-repeatable levels by time:
     D:2: 2427 daAuts
     D:3: 1827 daAuts
     D:1: 1370 daAuts
     D:4: 39 daAuts
